 Dungeon Crawl Stone Soup version 0.17.0-28-g6e173f8 (webtiles) character file.

555 PossumBlood the Shield-Bearer (level 7, 0/53 HPs)
             Began as a Human Fighter on Nov 27, 2015.
             Was a Follower of Okawaru.
             Slain by Sigmund
             ... wielding a +0 scythe
              (5 damage)
             ... on level 4 of the Dungeon.
             The game lasted 00:15:05 (3983 turns).

PossumBlood the Shield-Bearer (Human Fighter)       Turns: 3983, Time: 00:15:05

Health: 0/53       AC: 13    Str: 15 (16) XL:     7   Next: 56%
Magic:  7/7        EV: 14    Int:  9      God:    Okawaru [*.....]
Gold:   94         SH: 11    Dex: 14      Spells: 0 memorised, 6 levels left

rFire  . . .     SeeInvis .     a - +0 long sword
rCold  . . .     Clarity  +     t - +4 ring mail
rNeg   . . .     SustAt   .     c - +0 shield
rPois  +         Gourm    .     n - +0 helmet
rElec  .         Spirit   .     (no cloak)
rCorr  .         Warding  .     (no gloves)
rMut   .         Stasis   .     q - +0 pair of boots
MR     .....                    g - amulet of clarity
Stlth  ++........               (no ring)
                                o - +3 ring of slaying

@: about to teleport, heroism, not resistant to hostile enchantments, unstealthy
A: poison resistance, spit poison 1
a: Spit Poison, Heroism, Renounce Religion


You were on level 4 of the Dungeon.
You worshipped Okawaru.
Okawaru was aware of your devotion.
You were not hungry.

You visited 1 branch of the dungeon, and saw 4 of its levels.

You collected 219 gold pieces.
You spent 125 gold pieces at shops.

Inventory:

Hand Weapons
 a - a +0 long sword (weapon)
Armour
 c - a +0 shield (worn)
 n - a +0 helmet (worn)
 q - a +0 pair of boots (worn)
 t - a +4 ring mail (worn)
Jewellery
 g - an amulet of clarity (around neck)
 o - a +3 ring of slaying (left hand)
 y - an uncursed amulet of guardian spirit {unknown}
Scrolls
 e - a scroll of remove curse
 i - a scroll of magic mapping
 m - a scroll of blinking {unknown}
 p - 5 scrolls of identify
Potions
 s - a potion of degeneration
Comestibles
 j - a slice of pizza
 k - 6 meat rations
 z - 2 bread rations
 A - 2 beef jerkies


   Skills:
 + Level 3.9(8.9) Fighting
 + Level 3.7(8.7) Long Blades
 + Level 4.4(9.4) Armour
 + Level 3.3(8.3) Dodging
 + Level 0.2(5.2) Stealth
 + Level 4.8(9.8) Shields


You had 6 spell levels left.
You didn't know any spells.

Dungeon Overview and Level Annotations

Branches:
Dungeon (4/15)
 Temple: D:4-7

Altars:
Okawaru
Ru
Yredelemnul
Zin

Shops:
D:4 [

Annotations:
D:4 Sigmund


Innate Abilities, Weirdness & Mutations

Your system is resistant to poisons.
You can spit weak poison.


Message History

The orc barely misses you.
You hit the orc.
The orc is severely wounded.
You slash the orc!
You kill the orc!
Okawaru accepts your kill. Something closely misses you. You block its attack.
Items here: )) [ †† a dagger x2 a robe; an orc corpse; a giant gecko corpse You barely miss something.
You closely miss something. Something hits you!
You barely miss something. Something hits you!
* * * LOW HITPOINT WARNING * * *
Read which item? (? for menu, Esc to quit)
As you read the scroll of teleportation, it crumbles to dust.
You feel strangely unstable. Something hits you.
You die...

.........<.......# #.# *,,
....#.###...###..# #.#** **,*
.##.........# #..######,,,****,,,
......#.....###.......#**,,,,,,,,
###♣...###..........#.# ******,,,
*♣..* #.####..##.#.# **** ♣.**
#....((.##.###* ♣,*
#.......##.#,,*** *,*
#....##@##.#,,+,* **,*
####.##))(.####.* **,,*
#....{†(.......# *,,**
#..$...##.##..## **_,*
#......##.#*,## *,,**
#......##..,,,* ****
#......#####,,* ######.#****,,*
******#..,,,,,,*


There were no monsters in sight!

Vanquished Creatures
  A phantom (D:4)
  A scorpion (D:4)
  An orc priest (D:4)
  A gnoll shaman (D:4)
  A giant frog skeleton (D:4)
  4 orc wizards
  2 worker ants (D:4)
  3 gnolls (D:4)
  4 adders
  A worm (D:1)
  3 giant geckos
  10 orcs
  7 bats
  6 giant cockroaches
  11 hobgoblins
  8 jackals
  9 kobolds
  2 quokkas
  3 ball pythons
  3 giant newts
  2 goblins
  5 rats
88 creatures vanquished.

Notes
Turn   | Place    | Note
--------------------------------------------------------------
     0 | D:1      | PossumBlood the Human Fighter began the quest for the Orb.
     0 | D:1      | Reached XP level 1. HP: 18/18 MP: 1/1
   211 | D:1      | Reached XP level 2. HP: 24/24 MP: 2/2
   772 | D:1      | Reached XP level 3. HP: 29/29 MP: 3/3
  1602 | D:2      | Found a glowing silver altar of Zin.
  1668 | D:2      | Found a faded altar to an unknown god.
  1805 | D:2      | Reached XP level 4. HP: 35/35 MP: 4/4
  2062 | D:2      | Found a basalt altar of Yredelemnul.
  2072 | D:2      | Found a sacrificial altar of Ru.
  2231 | D:3      | Reached skill level 1 in Dodging
  2266 | D:3      | Reached XP level 5. HP: 18/41 MP: 5/5
  2709 | D:3      | Reached skill level 4 in Shields
  2899 | D:4      | Found an iron altar of Okawaru.
  2913 | D:4      | Found Zoong's Armour Emporium.
  2921 | D:4      | Bought a +0 robe for 9 gold pieces
  2921 | D:4      | Bought a +0 helmet for 58 gold pieces
  2921 | D:4      | Bought a +0 pair of boots for 58 gold pieces
  2961 | D:4      | Reached XP level 6. HP: 26/48 MP: 6/6
  3201 | D:4      | Became a worshipper of Warmaster Okawaru
  3281 | D:4      | Noticed a phantom
  3313 | D:4      | HP: 3/72 [poisoned by a worker ant]
  3314 | D:4      | Gained mutation: Your system is resistant to poisons. [potion of mutation]
  3314 | D:4      | Gained mutation: You can spit weak poison. [potion of mutation]
  3325 | D:4      | Killed a phantom
  3325 | D:4      | Reached XP level 7. HP: 6/53 MP: 7/7
  3670 | D:4      | Reached * piety under Okawaru
  3952 | D:4      | Noticed Sigmund
  3983 | D:4      | Slain by Sigmund

Action                   |  1- 3 |  4- 6 |  7- 9 || total
-------------------------+-------+-------+-------++-------
Melee: Long sword        |   150 |   180 |    47 ||   377
Invok: Heroism           |       |       |     1 ||     1
  Use: Scroll            |     1 |    10 |     1 ||    12
       Potion            |       |     7 |       ||     7
  Eat: Bread ration      |     1 |     1 |       ||     2
       Fruit             |       |     1 |       ||     1
       Pizza             |       |       |     1 ||     1
